 Dungeon Crawl Stone Soup version 0.30.0 (webtiles) character file.

Game seed: 17127733239876002187

255 Dani the Chopper (level 5, -12/41 HPs)
             Began as a Demonspawn Fighter on May 18, 2023.
             Mangled by Duvessa
             ... wielding a +0 short sword
              (14 damage)
             ... on level 4 of the Dungeon.
             The game lasted 00:04:34 (2721 turns).

Dani the Chopper (Demonspawn Fighter)               Turns: 2721, Time: 00:04:35

Health: -12/41     AC:  8    Str: 16    XL:     5   Next: 91%
Magic:  5/5        EV:  8    Int: 12    God:
Gold:   109        SH:  4    Dex: 12    Spells: 4/4 levels left

rFire   . . .        a - +0 war axe
rCold   + . .        i - +0 buckler
rNeg    . . .        b - +1 scale mail
rPois   .            (helmet restricted)
rElec   .            (no cloak)
rCorr   .            (no gloves)
SInv    .            k - +0 pair of boots
Will    .....        (no amulet) Stlth
                     c - ring of protection from cold
HPRegen 0.26/turn    (no ring)
MPRegen 0.09/turn

%: no passive effects
@: studying Earth Magic
A: horns 1, demonic guardian 1, demonic magic 1
a: no special abilities


You were on level 4 of the Dungeon.
You visited 1 branch of the dungeon, and saw 4 of its levels.

You collected 109 gold pieces.

Inventory:

Hand Weapons
 a - a +0 war axe (weapon)
Armour
 b - a +1 scale mail (worn)
 i - a +0 buckler (worn)
 k - a +0 pair of boots (worn)
   (You found it on level 3 of the Dungeon)
Jewellery
 c - a ring of protection from cold (left hand)
   (You found it on level 1 of the Dungeon)
Scrolls
 h - a scroll of poison
 j - a scroll of fog
Potions
 d - 2 potions of might
 e - 2 potions of attraction {unknown}
 f - 3 potions of berserk rage {unknown}
 g - 4 potions of curing {unknown}
 l - 2 potions of heal wounds {unknown}
 m - a potion of ambrosia {unknown}
 n - 2 potions of invisibility {unknown}
 o - 2 potions of resistance {unknown}
 p - 2 potions of cancellation {unknown}
 q - a potion of degeneration {unknown}


   Skills:
 - Level 3.0 Fighting
 * Level 5.4 Axes
 - Level 2.6 Armour
 - Level 2.6 Shields
 + Level 2.3 Earth Magic


You had 4 spell levels left.
You didn't know any spells.
Your spell library contained the following spells:

 Spells                   Type           Power      Damage    Failure   Level
 Apportation              Tloc           0%         N/A       83%         1
 Magic Dart               Conj           0%         1d3       83%         1
 Call Imp                 Summ           0%         N/A       93%         2
 Mephitic Cloud           Conj/Pois/Air  0%         N/A       99%         3
 Alistair's Intoxication  Tmut/Pois      0%         N/A       100%        5


Dungeon Overview and Level Annotations

Branches:
Dungeon (4/15)
 Temple: D:4-7

Altars:
Fedhas
Ru

Shops:
D:3 [

Annotations:
D:4 Duvessa


Innate Abilities, Weirdness & Mutations

You have a pair of small horns on your head.
A weak demonic guardian rushes to your aid.
Spells you cast may paralyse adjacent enemies.


Message History

You open the door.
A quokka comes into view.
There is an open door here.
A quokka is nearby!
You closely miss the quokka.
The quokka bites you but does no damage.
A quokka is nearby!
You hit the quokka.
The quokka is lightly wounded.
The quokka bites you but does no damage.
The quokka bites you.
A quokka is nearby!
You slash the quokka!
You kill the quokka!
Duvessa and Dowan come into view.
Duvessa shouts!
Dowan shouts!
Duvessa gestures with her weapon.
Dowan gestures at you while chanting. The puff of frost hits you. You resist.
There are monsters nearby!
There are monsters nearby!
There are monsters nearby!
You hit Duvessa. Your headbutt misses Duvessa.
Duvessa is lightly wounded.
You hit Dowan. Duvessa misses you. Dowan barely misses you.
You barely miss Duvessa.
Duvessa is lightly wounded.
You hit Dowan. Duvessa hits you with a +0 short sword.
You block Dowan's attack. Duvessa hits you with a +0 short sword.
A demonic guardian appears!
Dowan points at you and mumbles some strange words.
The puff of flame hits you.
You closely miss Duvessa.
Duvessa is lightly wounded.
You hit Dowan. Duvessa barely misses you.
Dowan points at Duvessa and mumbles some strange words.
Duvessa seems to speed up.
There are monsters nearby!
You slash Dowan!
Dowan is severely wounded.
You hit Duvessa. Duvessa barely misses you.
Dowan gestures wildly while chanting.
Dowan blinks!
Duvessa hits you but does no damage.
You hit Duvessa.
Duvessa is moderately wounded.
Duvessa says, "Beauty is only skin deep, and my weapons penetrate much further than that."
Duvessa hits you with a +0 short sword.
Dowan says, "My weaknesses are her strengths!"
Dowan casts a spell at you. You resist with some effort.
Duvessa hits you with a +0 short sword.
* * * LOW HITPOINT WARNING * * *
You hit Duvessa.
Duvessa is moderately wounded.
You block Duvessa's attack. Dowan closely misses you.
Your iron imp barely misses Dowan.
Duvessa closely misses you.
You barely miss Dowan.
Dowan is severely wounded.
You hit Duvessa. Duvessa barely misses you. Dowan hits you but does no damage.
Your iron imp hits Dowan!
Dowan dies!
Duvessa weeps, and shakes her weapon.
Duvessa goes berserk!
Your Earth Magic skill increases to level 2!
You hit Duvessa but do no damage.
Duvessa is heavily wounded.
Duvessa hits you with a +0 short sword!
* * * LOW HITPOINT WARNING * * *
You block Duvessa's attack.
You are too injured to fight recklessly!
You are too injured to fight recklessly!
You are too injured to fight recklessly!
You are too injured to fight recklessly!
You are too injured to fight recklessly!
Really read the scroll of poison?
Okay, then.
Unknown command.
What are your orders? t - Shout!
Orders for allies: a - Attack new target. r - Retreat! s - Stop attacking. g - Guard the area. f - Follow me.
Anything else - Cancel.
Retreat in which direction?
Press: ? - help, Dir - move target, f - you
Okay, then.
You aren't carrying any items that you can evoke.
Unknown command.
Found a flail.
You block Duvessa's attack.
Your iron imp closely misses Duvessa.
You hit Duvessa.
Duvessa is heavily wounded.
Duvessa hits you with a +0 short sword.
* * * LOW HITPOINT WARNING * * *
Duvessa hits you with a +0 short sword!
* * * LOW HITPOINT WARNING * * *
A demonic guardian appears!
Duvessa hits you but does no damage.
Your iron imp hits Duvessa but does no damage.
Duvessa hits you with a +0 short sword!
You die...

###...########........
.............#.........#
.............#.........#
.............'.........#
.............#.........#
.............#.........#
.............#.........#
##.##.##...###...5.....#
##>##.######....@##+##
....#......#..5e.#
....#......#.)...#
....#......#.....#
....#......#.....#
....#......#.....#
....#......#.....#
....#......#.....#
...##......#.....#


You could see Duvessa (berserk, fast, ally target), a friendly iron imp
(summoned) and a friendly shadow imp (summoned).

Vanquished Creatures
  An orc priest (D:3)
  A hound (D:2)
  7 adders
  An ufetubus (D:2)
  2 dart slugs
  6 orcs
  4 ball pythons
  6 bats
  5 endoplasms
  2 giant cockroaches
  7 goblins
  3 hobgoblins
  8 jackals
  3 quokkas
  3 frilled lizards
  8 kobolds
  4 rats
71 creatures vanquished.

Vanquished Creatures (collateral kills)
  Dowan (D:4)
1 creature vanquished.

Grand Total: 72 creatures vanquished

Notes
Turn   | Place    | Note
-------+----------+-------------------------------------------
     0 | D:1      | Dani the Demonspawn Fighter began the quest for the Orb.
     0 | D:1      | Reached XP level 1. HP: 18/18 MP: 1/1
   126 | D:1      | Reached skill level 2 in Axes
   213 | D:1      | Gained mutation: You have a pair of small horns on your
                  | head. [demonic ancestry]
   213 | D:1      | Reached XP level 2. HP: 17/24 MP: 2/2
   215 | D:1      | HP: 4/24 [jackal (3)]
   454 | D:1      | Reached skill level 3 in Axes
  1021 | D:2      | Reached XP level 3. HP: 29/29 MP: 3/3
  1365 | D:2      | Reached skill level 4 in Axes
  1365 | D:2      | Gained mutation: A weak demonic guardian rushes to your
                  | aid. [demonic ancestry]
  1365 | D:2      | Reached XP level 4. HP: 27/35 MP: 4/4
  1864 | D:3      | Identified a scroll of acquirement
  1864 | D:3      | Acquired a manual of Earth Magic
  2034 | D:3      | Gained mutation: Spells you cast may paralyse adjacent
                  | enemies. [demonic ancestry]
  2034 | D:3      | Reached XP level 5. HP: 41/41 MP: 5/5
  2186 | D:3      | Found a blossoming altar of Fedhas.
  2193 | D:3      | Reached skill level 1 in Earth Magic
  2198 | D:3      | Reached skill level 5 in Axes
  2325 | D:3      | Found Muga's Antique Armour Boutique.
  2412 | D:3      | Found a sacrificial altar of Ru.
  2706 | D:4      | Noticed Duvessa
  2706 | D:4      | Noticed Dowan
  2716 | D:4      | Killed Dowan
  2717 | D:4      | Reached skill level 2 in Earth Magic
  2720 | D:4      | HP: 2/41 [Duvessa/+0 short sword (13)]
  2721 | D:4      | Mangled by Duvessa

Illustrated notes

Levels and vault maps discovered:
D:1:      dpeg_arrival_orchard, layout_loops_corners
D:2:      layout_basic, basic_altar
D:3:      layout_loops_ring, lemuel_coloured_pillars_altar,
          fedhas_altar_fruit_tree, serial_shops, shop,
          hangedman_decor_diamond_cutter, minmay_tree_intersection
D:4:      layout_gridville, nicolae_zen_rock_garden, uniq_duvessa

Skill      XL: |  1  2  3  4  5 |
---------------+----------------+-----
Axes           | 2 3 4 5 |  5.4
Earth Magic    | 2 |  2.3
Fighting       | |  3.0
Armour         | |  2.6
Shields        | |  2.6

Action                     |  1- 3 |  4- 6 || total
---------------------------+-------+-------++-------
  Melee: War axe           |    86 |   104 ||   190
         Headbutt          |     5 |    14 ||    19
    Use: Scroll            |     4 |     4 ||     8
 Armour: Scale mail        |    46 |    56 ||   102
  Dodge: Dodged            |    40 |    53 ||    93
  Block: Buckler           |    21 |    20 ||    41

Levels and vault maps discovered:
D:1:      dpeg_arrival_orchard, layout_loops_corners
D:2:      layout_basic, basic_altar
D:3:      layout_loops_ring, lemuel_coloured_pillars_altar,
          fedhas_altar_fruit_tree, serial_shops, shop,
          hangedman_decor_diamond_cutter, minmay_tree_intersection
D:4:      layout_gridville, nicolae_zen_rock_garden, uniq_duvessa

Table legend: (Time is in decaauts)
 A = Elapsed time spent in this place.
 B = Non-inter-level travel time spent in this place.
 C = Inter-level travel time spent in this place.
 D = Time resting spent in this place.
 E = Time spent auto-exploring this place.
 F = Levels seen in this place.
 G = Mean time per level.
                   A        B        C        D        E       F      G
               +--------+--------+--------+--------+--------+-----+--------+
         Total |   2784 |   2738 |     46 |      0 |   2242 |   4 |  696.0 |
       Dungeon |   2784 |   2738 |     46 |      0 |   2242 |   4 |  696.0 |
               +--------+--------+--------+--------+--------+-----+--------+

Top non-repeatable levels by time:
     D:1: 1038 daAuts
     D:3: 934 daAuts
     D:2: 587 daAuts
     D:4: 224 daAuts

Table legend:
 A = Kills in this place as a percentage of kills in the entire game.
 B = Kills by you in this place as a percentage of kills by you in the entire game.
 C = Kills by friends in this place as a percentage of kills by friends in the entire game.
 D = Other kills in this place as a percentage of other kills in the entire game.
 E = Experience gained in this place as a percentage of experience gained in the entire game.
 F = Experience gained in this place divided by the number of levels of this place that you have seen.
                   A       B       C       D       E      F
               +-------+-------+-------+-------+-------+----------------------
         Total | 100.0 | 100.0 | 100.0 |   N/A | 100.0 |  91.2
       Dungeon | 100.0 | 100.0 | 100.0 |   N/A | 100.0 |  91.2
               +-------+-------+-------+-------+-------+----------------------
